 Dungeon Crawl Stone Soup version 0.16-a0-3219-g20c30b8 (webtiles) character file.

31 Grim the Grave Robber (level 3, -2/24 HPs)
             Began as a Demonspawn Necromancer on Dec 21, 2014.
             Killed from afar by Ijyb (6 damage)
             ... with a wand of frost
             ... on level 2 of the Dungeon.
             The game lasted 00:07:59 (1961 turns).

Grim the Grave Robber (Demonspawn Necromancer)      Turns: 1961, Time: 00:07:59

Health: -2/24      AC:  4    Str:  8    XL:     3   Next: 7%
Magic:  2/6        EV: 12    Int: 17    God:
Gold:   91         SH:  0    Dex: 13    Spells: 2 memorised, 4 levels left

rFire  . . .     SeeInvis .     (no weapon)
rCold  . . .     Clarity  .     a - +0 robe
rNeg   . . .     SustAb   .     (no shield)
rPois  .         Gourm    .     (no helmet)
rElec  .         Spirit   .     (no cloak)
rCorr  .         Warding  .     (no gloves)
rMut   .         Stasis   .     (no boots)
MR     .....                    (no amulet)
Stlth  ++........               (no ring)
                                (no ring)

@: not resistant to hostile enchantments, unstealthy
A: slimy green scales 1, demonic guardian 1
a: no special abilities


You were on level 2 of the Dungeon.
You were not hungry.

You visited 1 branch of the dungeon, and saw 2 of its levels.

You collected 91 gold pieces.

Inventory:

Armour
 a - a +0 robe (worn)
Scrolls
 g - 3 scrolls of identify {unknown}
 h - a scroll of enchant armour {unknown}
Potions
 e - 2 potions of brilliance {unknown}
Books
 b - a book of Necromancy

   Spells                             Type                      Level
   a - Pain                           Necromancy                   1
   b - Animate Skeleton               Necromancy                   1
   c - Vampiric Draining              Necromancy                   3
   d - Regeneration                   Charms/Necromancy            3
   e - Animate Dead                   Necromancy                   4
   f - Control Undead                 Necromancy                   4
Comestibles
 c - a bread ration
 d - a meat ration
 f - 9 fruits


   Skills:
 - Level 1.7 Dodging
 - Level 1.7 Stealth
 - Level 0.1 Unarmed Combat
 - Level 2.0 Spellcasting
 + Level 5.4 Necromancy


You had 4 spell levels left.
You knew the following spells:

 Your Spells              Type           Power        Failure   Level  Hunger
a - Pain                  Necr           ###.         2%          1    #......
b - Animate Skeleton      Necr           N/A          2%          1    #......


Dungeon Overview and Level Annotations

Branches:
Dungeon (2/15)

Altars:

Annotations:
D:2 Ijyb


Innate Abilities, Weirdness & Mutations

You are partially covered in slimy green scales (AC +2).
A weak demonic guardian rushes to your aid.


Message History

Aim: Ijyb, carrying a wand of frost {zapped: 2} (heavily wounded) Ijyb convulses in agony!
Ijyb misses you.
Casting: Pain
Confirm with . or Enter, or press ? or * to list all spells.
You don't know that spell.
You barely miss Ijyb.
Ijyb is heavily wounded.
You hit Ijyb but do no damage.
Ijyb is heavily wounded.
Ijyb hits you.
* * * LOW HITPOINT WARNING * * *
Ijyb hits you but does no damage.
You see here a goblin corpse.
The hobgoblin hits you with a club.
* * * LOW HITPOINT WARNING * * *
There is a stone staircase leading up here.
The hobgoblin hits you with a club.
* * * LOW HITPOINT WARNING * * *
Ijyb zaps a wand.
The puff of frost hits you!
You die...

. .... .... #########
.... #.......######
.... #@g...(...# ....
#.##.g...###.# .!..
#..........#.####.$..
###.....†.......?....
#...[..#.##...#....
#.####.#.##...#....
#. #.#.##.%.##+## #[
#.#.##...# #>
..........


You could see Ijyb and a hobgoblin.

Vanquished Creatures
  3 giant cockroaches (D:1)
  5 hobgoblins (D:1)
  2 jackals (D:1)
  4 kobolds (D:1)
  8 bats (D:1)
  2 giant newts (D:1)
  A goblin (D:2)
  4 rats (D:1)
29 creatures vanquished.

Vanquished Creatures (collateral kills)
  A goblin (D:1)
1 creature vanquished.

Vanquished Creatures (others)
  A rat skeleton (D:1)
1 creature vanquished.

Grand Total: 31 creatures vanquished

Notes
Turn   | Place    | Note
--------------------------------------------------------------
     0 | D:1      | Grim, the Demonspawn Necromancer, began the quest for the Orb.
     0 | D:1      | Reached XP level 1. HP: 13/13 MP: 3/3
   406 | D:1      | Gained mutation: You are partially covered in slimy green scales (AC +2). [demonic ancestry]
   406 | D:1      | Reached XP level 2. HP: 11/19 MP: 0/4
   682 | D:1      | Reached skill level 5 in Necromancy
   910 | D:1      | Learned a level 1 spell: Animate Skeleton
  1640 | D:1      | Gained mutation: A weak demonic guardian rushes to your aid. [demonic ancestry]
  1640 | D:1      | Reached XP level 3. HP: 10/24 MP: 0/6
  1939 | D:2      | Noticed Ijyb
  1961 | D:2      | Killed from afar by Ijyb

Action                   || total
-------------------------++-------
Melee: Unarmed           ||    37
 Cast: Pain              ||    53
       Animate Skeleton  ||     1
 Stab: Sleeping          ||     2
  Eat: Chunk             ||     4
